 Dungeon Crawl Stone Soup version 0.29.1-debian-4-g95531337e3 (webtiles) character file.

Game seed: 10339626943394535728

5 Dreamer the Grasshopper (level 1, 0/14 HPs)
             Began as an Octopode Warper on Sept 13, 2022.
             Hit by a stone thrown by a kobold (1 damage)
             ... on level 1 of the Dungeon.
             The game lasted 00:00:43 (66 turns).

Dreamer the Grasshopper (Octopode Warper)             Turns: 66, Time: 00:00:44

Health: 0/14       AC:  1    Str: 10    XL:     1   Next: 80%
Magic:  3/3        EV: 13    Int: 15    God:
Gold:   0          SH:  0    Dex: 11    Spells: 4/4 levels left

rFire   . . .      SeeInvis .     - Unarmed
rCold   . . .      Faith    .   (no shield)
rNeg    . . .      Spirit   .   (helmet restricted)
rPois   .          Reflect  .   (no amulet)
rElec   .          Harm     .   (no ring)
rCorr   .          Rampage  .   (no ring)
Will    .....                   (no ring)
Stlth   ++........              (no ring)
HPRegen 0.04/turn               (no ring)
MPRegen 0.08/turn               (no ring)
                                (no ring)
                                (no ring)

@: no status effects
A: almost no armour, amphibious, 8 rings, camouflage 1, gelatinous body 1,
(nimble swimmer 1), tentacles
a: no special abilities


You were on level 1 of the Dungeon.
You visited 1 branch of the dungeon, and saw 1 of its levels.

Inventory:

Missiles
 b - 7 boomerangs of dispersal (quivered)
Scrolls
 a - a scroll of blinking
Potions
 c - 3 potions of curing {unknown}


   Skills:
 - Level 2.0 Fighting
 - Level 1.0 Throwing
 - Level 2.3 Dodging
 + Level 0.6 Stealth
 - Level 2.0 Unarmed Combat
 * Level 2.1 Spellcasting
 * Level 3.1 Translocations


You had 4 spell levels left.
You didn't know any spells.
Your spell library contained the following spells:

 Spells                   Type           Power      Damage    Failure   Level
 Blink                    Tloc           22%        N/A       9%          2
 Gell's Gravitas          Tloc           11%        N/A       19%         3
 Lesser Beckoning         Tloc           11%        N/A       19%         3
 Teleport Other           Tloc           11%        N/A       19%         3
 Manifold Assault         Tloc           11%        N/A       52%         4


Dungeon Overview and Level Annotations

Branches:
Dungeon (1/15)

Altars:

Shops:
D:1 :


Innate Abilities, Weirdness & Mutations

You cannot wear most types of armour.
You are amphibious.
You can wear up to eight rings at the same time.
Your skin changes colour to match your surroundings (Stealth+).
Your rubbery body absorbs attacks. (AC +1, EV +1)
((You are camouflaged when in or above water. (Stealth+)))
You have tentacles for arms and can constrict up to eight enemies at once.


Message History

You see here a giant cockroach corpse.
As you open the door, it creaks loudly!
A giant cockroach and a quokka come into view.
You hear a shout!
Found a dagger.
Found Cuxzaom's Book Emporium.
Found an escape hatch in the floor.
The giant cockroach bites you.
A kobold comes into view.
It is wielding a +1 short sword of freezing.
There is an open door here.
You barely miss the giant cockroach. You grab the giant cockroach.
You constrict the giant cockroach, but do no damage.
The giant cockroach bites you. The giant cockroach barely misses you.
You tentacle-slap the giant cockroach.
The giant cockroach is moderately wounded.
You constrict the giant cockroach, but do no damage.
The kobold throws a stone.
The stone barely misses you.
The quokka twitches its whiskers.
The quokka bites you. The giant cockroach closely misses you.
You release your grip on the giant cockroach.
You closely miss the quokka. Your grab misses the quokka. The quokka bites you.
* * * LOW HITPOINT WARNING * * *
You tentacle-slap the quokka. Your grab misses the quokka.
You squeeze the quokka.
You kill the quokka!
You tentacle-slap the giant cockroach but do no damage.
You grab the giant cockroach.
The giant cockroach is moderately wounded.
You constrict the giant cockroach, but do no damage.
The giant cockroach barely misses you.
You barely miss the giant cockroach.
The giant cockroach is moderately wounded.
You constrict the giant cockroach. The giant cockroach bites you.
* * * LOW HITPOINT WARNING * * *
You tentacle-slap the giant cockroach.
You kill the giant cockroach!
Press: ? - help, v - describe, . - travel
Here: a kobold, wielding a +1 short sword of freezing and quivering stones The floor.
The kobold throws a stone.
The stone misses you.
The kobold throws a stone.
The stone hits you.
You die...

..........# #..........
..###.....###......####
#......#.......#
#......#.......#
#..............#
#....#....###.##.###.
>......##.#.####
#........ ...K... #.#.#
#.###.... ....... #@#.#
#.# .#.. ....... #.#.#
#.# #.#.. ....... #.#.#
#†##..#. .....∩. #...#
###.#.....
.......###K.####.....#
..)....K......##.#.#####
.......####.#..†.......#
....... #.############
....... #.#


You could see a kobold.

Vanquished Creatures
  2 giant cockroaches (D:1)
  A hobgoblin (D:1)
  A quokka (D:1)
4 creatures vanquished.

Notes
Turn   | Place    | Note
-------+----------+-------------------------------------------
     0 | D:1      | Dreamer the Octopode Warper began the quest for the Orb.
     0 | D:1      | Reached XP level 1. HP: 14/14 MP: 3/3
    51 | D:1      | Found Cuxzaom's Book Emporium.
    66 | D:1      | Hit by a stone thrown by a kobold

Illustrated notes

Levels and vault maps discovered:
D:1:      onia_arrival_pentagram, layout_basic, shapermc_ecumenical_altar_petra,
          serial_shops, shop, nicolae_shop_hallway_stairs,
          nicolae_shop_statue_plus

Action                   || total
-------------------------++-------
Melee: Unarmed           ||    12
       Constrict         ||     4
       Tentacles         ||     2
 Stab: Sleeping          ||     2
Dodge: Dodged            ||     8
